 Dungeon Crawl Stone Soup version 0.28.0-53-g5a82cb258f (webtiles) character file.

Game seed: 11538719582468586111

52 Duralumin the Firebug (level 3, 24/24 HPs)
             Began as a Demonspawn Fire Elementalist on June 11, 2022.
             Got out of the dungeon alive.
             The game lasted 00:05:10 (1718 turns).

Duralumin the Firebug (DsFE)                        Turns: 1718, Time: 00:05:10

Health: 24/24      AC:  3    Str:  8    XL:     3   Next: 60%
Magic:  6/6        EV: 12    Int: 18    God:
Gold:   88         SH:  4    Dex: 13    Spells: 4/7 levels left

rFire   . . .      SeeInvis .   (no weapon)
rCold   . . .      Faith    .   (no shield)
rNeg    . . .      Spirit   .   a - +0 robe
rPois   .          Reflect  .   (no helmet)
rElec   .          Harm     .   (no cloak)
rCorr   .          Rampage  .   (no gloves)
Will    .....                   (no boots)
Stlth   ++........              (no amulet)
HPRegen 0.08/turn               (no ring)
MPRegen 0.10/turn               (no ring)

@: no status effects
A: sharp scales 1, condensation shield
a: no special abilities


You escaped.
You visited 1 branch of the dungeon, and saw 2 of its levels.

You collected 88 gold pieces.

Inventory:

Armour
 a - a +0 robe (worn)
 e - a +0 helmet
Jewellery
 g - a ring of ice
Scrolls
 b - a scroll of vulnerability {unknown}
 h - a scroll of fear {unknown}
Potions
 c - a potion of might {unknown}
 d - 2 potions of magic {unknown}
 f - a potion of curing {unknown}


   Skills:
 - Level 1.7 Dodging
 - Level 1.7 Stealth
 + Level 2.6 Spellcasting
 + Level 2.1 Conjurations
 + Level 3.3 Fire Magic


You had 4 spell levels left.
You knew the following spells:

 Your Spells              Type           Power      Damage    Failure   Level
a - Foxfire               Conj/Fire      48%        2x1d6     5%          1
b - Scorch                Fire           28%        2d6       7%          2

Your spell library contained the following spells:

 Spells                   Type           Power      Damage    Failure   Level
 Conjure Flame            Conj/Fire      12%        6-21      17%         3
 Inner Flame              Hex/Fire       8%         N/A       26%         3
 Ignite Poison            Fire/Tmut/Pois 6%         N/A       32%         3
 Flame Wave               Conj/Fire      12%        2d6       50%         4
 Sticky Flame             Conj/Fire      12%        2d4       50%         4


Dungeon Overview and Level Annotations

Branches:
Dungeon (2/15)

Altars:


Innate Abilities, Weirdness & Mutations

You are partially covered in razor-sharp scales. (AC +1, Slay +1)
A meltable shield of frost defends you. (SH +4)


Message History

You open the door.
There is an open door here.
You see here a +0 dagger.
HP restored.
There is a stone staircase leading down here.
You start resting.
Magic restored.
You climb downwards.
Found 9 gold pieces.
Found an escape hatch in the ceiling.
There is a stone staircase leading up here.
The endoplasm quivers.
You see here 12 gold pieces.
The endoplasm freezes you.
You are frozen.
Found a fizzy green potion.
You see here a ring of ice.
Casting: Scorch (safe; 7% risk of failure)
Confirm with . or Enter, or press ? or * to list all spells.
Flames lash the endoplasm.
You kill the endoplasm!
Found a scroll labelled BIETITZURUL.
f - a fizzy green potion
g - a ring of ice You start resting.
Magic restored.
You now have 88 gold pieces (gained 12).
Found a stone staircase leading down.
Found an Everburning Encyclopedia.
h - a scroll labelled BIETITZURUL You pick up an Everburning Encyclopedia and begin reading...
You add the spells Ignite Poison and Sticky Flame to your library.
There is a stone staircase leading up here.
You climb upwards.
There is a stone staircase leading down here.
There is an escape hatch in the floor here.
You open the door.
There is an open door here.
There is a staircase leading out of the dungeon here.
Are you sure you want to leave the Dungeon?
This will make you lose the game!
You have escaped!

#########...♣ ♣♣.#♣ #....+
#.........#.###♣.#.##♣#♣ #....#
#.......####...........# #.....
#........# #...........# #..###
##.......# #..####'##..#♣ #..##.
##.).....##♣..#.P...#..≈♣ #..##.
.'.......#≈...#.....#...## #..##.
##.......#.♣..#.....#..♣.♣ #..##.
#.....).#♣...#.@...'...#♣ #..##.
##.......#♣#..#.....#..♣# #..##.
......##.# #..#######..# #..##.
.........# #...........## #.....
.........# ♣............# #.###.
.....###.# ♣##♣♣.#.♣#♣♣#####'###'
#......#.# ♣♣♣.## #.#........
#......#.######..######..........
.......#..............#..........


There were no monsters in sight!

Vanquished Creatures
  2 gnolls
  A ball python (D:2)
  2 endoplasms
  4 giant cockroaches
  3 goblins
  2 hobgoblins (D:1)
  2 jackals (D:1)
  7 kobolds
  A quokka (D:1)
  A bat (D:1)
  4 frilled lizards
  2 rats (D:1)
31 creatures vanquished.

Vanquished Creatures (others)
  A demonic plant (D:1)
  62 foxfires
  A withered plant (D:1)
64 creatures vanquished.

Grand Total: 95 creatures vanquished

Notes
Turn   | Place    | Note
-------+----------+-------------------------------------------
     0 | D:1      | Duralumin the Demonspawn Fire Elementalist began the quest
                  | for the Orb.
     0 | D:1      | Reached XP level 1. HP: 13/13 MP: 3/3
   289 | D:1      | Gained mutation: A meltable shield of frost defends you.
                  | (SH +4) [demonic ancestry]
   289 | D:1      | Reached XP level 2. HP: 19/19 MP: 0/5
   654 | D:1      | Reached skill level 3 in Fire Magic
   860 | D:1      | Found a faded altar of an unknown god.
  1356 | D:1      | Learned a level 2 spell: Scorch
  1480 | D:2      | Gained mutation: You are partially covered in razor-sharp
                  | scales. (AC +1, Slay +1) [demonic ancestry]
  1480 | D:2      | Reached XP level 3. HP: 24/24 MP: 3/6
  1718 | D:$      | Got out of the dungeon alive.

Illustrated notes

Levels and vault maps discovered:
D:1:      saegor_arrival_under_anarchy, layout_basic,
          shapermc_ecumenical_altar_gd, solitary_fountain,
          nicolae_concentric_dashed_squares_wild, lemuel_old_faithful
D:2:      layout_basic, uniq_robin

Skill      XL: |  1  2  3 |
---------------+----------+-----
Fire Magic     | 3 |  3.3
Conjurations   | 2 |  2.1
Dodging        | |  1.7
Stealth        | |  1.7
Spellcasting   | |  2.6

Action                   || total
-------------------------++-------
Melee: Unarmed           ||    22
 Cast: Foxfire           ||    45
       Scorch            ||     3
Armor: Robe              ||    10
Dodge: Dodged            ||    35
Block: Other             ||     2
